3AA
BELVEDERE PARK RAWHIDES @ LONG ISLAND SEAWOLVES
08/02/2027
 
TOP OF THE 1ST
Belvedere Park Rawhides batting - Pitching for Long Island Seawolves : RHP Christian Irgoyen
Pitching: RHP Christian Irgoyen
Batting: RHB Marshall Lamar 0-0: Called Strike
0-1: SINGLE (Groundball, 56D)
Batting: RHB Emmanuele Lucchetti 0-0: Ball
1-0: Fly out, F1 (Line Drive, 15)
Batting: RHB Anastasio Hernández 0-0: Ball
1-0: Ball
2-0: Foul Ball, location: 2F
2-1: Swinging Strike
2-2: Strikes out looking
Batting: RHB José Pérez 0-0: Ball
1-0: DOUBLE (Flyball, 78XD)
Marshall Lamar to third
Batting: SHB Eduardo Pampin 0-0: Ball
1-0: Ball
2-0: Ball
3-0: Called Strike
3-1: Base on Balls
Batting: LHB Dan O'Day 0-0: Ball
1-0: Ball
2-0: Foul Ball, location: 2F
2-1: Ball
3-1: Called Strike
3-2: Strikes out looking
Top of the 1st over - 0 run(s), 2 hit(s), 0 error(s), 3 left on base; Belvedere Park 0 - Long Island 0
BOTTOM OF THE 1ST
Long Island Seawolves batting - Pitching for Belvedere Park Rawhides : LHP António Bruno
Pitching: LHP António Bruno
Batting: RHB Abad Lugo 0-0: Called Strike
0-1: Ball
1-1: Fly out, F7 (Flyball, 7LS)
Batting: LHB Pedro Colón 0-0: Ball
1-0: Ball
2-0: Called Strike
2-1: Ball
3-1: Called Strike
3-2: Foul Ball, location: 2F
3-2: SINGLE (Line Drive, 7S)
Batting: RHB Max Berman 0-0: Called Strike
0-1: Fielders Choice at 2nd, 3-6 (Groundball, 3)
Batting: LHB Govaart Pleijt 0-0: Called Strike
0-1: Ball
1-1: Foul Ball, location: 2F
1-2: Ball
2-2: Foul Ball, location: 2F
2-2: Fly out, F8 (Line Drive, 78S)
Bottom of the 1st over - 0 run(s), 1 hit(s), 0 error(s), 1 left on base; Belvedere Park 0 - Long Island 0
TOP OF THE 2ND
Belvedere Park Rawhides batting - Pitching for Long Island Seawolves : RHP Christian Irgoyen
Batting: RHB Jaime Cruz 0-0: SINGLE (Groundball, 6MD)
Batting: RHB Charles Rowell Pickoff Throw to First - Error! E1
Jaime Cruz to second
0-0: Ball
1-0: Ball
2-0: Ball
3-0: Called Strike
3-1: Base on Balls
Batting: RHB Kevin Johnson 0-0: Foul Ball, location: 2F
0-1: Fielders Choice at 2nd, 6-4 (Groundball, 6)
Jaime Cruz to third
Batting: RHB Marshall Lamar 0-0: Ball
1-0: Ball
Kevin Johnson steals 2nd base
2-0: Swinging Strike
2-1: SINGLE (Line Drive, 89M)
Jaime Cruz scores
Kevin Johnson to third
Runner from 3rd tries for Home, SAFE, no throw
Batting: RHB Emmanuele Lucchetti 0-0: SINGLE (Groundball, 6MD)
Marshall Lamar to second
Runner from 2nd tries for 3rd, SAFE, throw made to third
Batting: RHB Anastasio Hernández 0-0: Ball
1-0: Called Strike
Emmanuele Lucchetti is caught stealing 2nd base
1-1: Fly out, F4 (Popup, 3D)
Top of the 2nd over - 2 run(s), 3 hit(s), 1 error(s), 1 left on base; Belvedere Park 2 - Long Island 0
BOTTOM OF THE 2ND
Long Island Seawolves batting - Pitching for Belvedere Park Rawhides : LHP António Bruno
Batting: RHB Alfredo Escalante 0-0: Swinging Strike
0-1: Ball
1-1: Swinging Strike
1-2: Ball
2-2: Foul Ball, location: 2F
2-2: Foul Ball, location: 2F
2-2: SINGLE (Groundball, 34D)
Batting: RHB Sheldon Deshotels 0-0: Grounds into double play, 4-6-3 (Groundball, 4)
Batting: RHB Felipe Guzmán 0-0: Called Strike
0-1: Ground out U3 (Groundball, 3S)
Bottom of the 2nd over - 0 run(s), 1 hit(s), 0 error(s), 0 left on base; Belvedere Park 2 - Long Island 0
TOP OF THE 3RD
Belvedere Park Rawhides batting - Pitching for Long Island Seawolves : RHP Christian Irgoyen
Batting: RHB José Pérez 0-0: Fly out, F8 (Flyball, 8LM)
Batting: SHB Eduardo Pampin 0-0: Called Strike
0-1: Foul Ball, location: 2F
0-2: Ball
1-2: Ball
2-2: Ball
3-2: Foul Ball, location: 2F
3-2: Ground out 6-3 (Groundball, 6M)
Batting: LHB Dan O'Day 0-0: Ball
1-0: Ball
2-0: Foul Ball, location: 2F
2-1: Ball
3-1: Base on Balls
Batting: RHB Jaime Cruz 0-0: Ball
1-0: Called Strike
1-1: Called Strike
Dan O'Day is caught stealing 2nd base
Top of the 3rd over - 0 run(s), 0 hit(s), 0 error(s), 0 left on base; Belvedere Park 2 - Long Island 0
BOTTOM OF THE 3RD
Long Island Seawolves batting - Pitching for Belvedere Park Rawhides : LHP António Bruno
Batting: RHB Andrés Aguilar 0-0: Called Strike
0-1: Ball
1-1: Ball
2-1: Called Strike
2-2: Ball
3-2: Strikes out looking
Batting: RHB José Orihvela 0-0: Called Strike
0-1: Foul Ball, location: 2F
0-2: Foul Ball, location: 2F
0-2: Foul Ball, location: 2F
0-2: Strikes out swinging
Batting: RHB Abad Lugo 0-0: Ball
1-0: Called Strike
1-1: SINGLE (Line Drive, 6MD)
Batting: LHB Pedro Colón 0-0: Called Strike
0-1: Ball
1-1: Ball
2-1: Foul Ball, location: 2F
2-2: Foul Ball, location: 2F
2-2: Strikes out swinging
Bottom of the 3rd over - 0 run(s), 1 hit(s), 0 error(s), 1 left on base; Belvedere Park 2 - Long Island 0
TOP OF THE 4TH
Belvedere Park Rawhides batting - Pitching for Long Island Seawolves : RHP Christian Irgoyen
Batting: RHB Jaime Cruz 0-0: Called Strike
0-1: Foul Ball, location: 2F
0-2: Ground out 4-3 (Groundball, 4D)
Batting: RHB Charles Rowell 0-0: Swinging Strike
0-1: Ball
1-1: Fly out, F9 (Flyball, 89M)
Batting: RHB Kevin Johnson 0-0: Ball
1-0: Called Strike
1-1: Swinging Strike
1-2: Ball
2-2: Strikes out swinging
Top of the 4th over - 0 run(s), 0 hit(s), 0 error(s), 0 left on base; Belvedere Park 2 - Long Island 0
BOTTOM OF THE 4TH
Long Island Seawolves batting - Pitching for Belvedere Park Rawhides : LHP António Bruno
Batting: RHB Max Berman 0-0: Called Strike
0-1: Called Strike
0-2: SINGLE (Groundball, 6MD)
Batting: LHB Govaart Pleijt 0-0: Ball
1-0: Grounds into double play, 6-4-3 (Groundball, 6)
Batting: RHB Alfredo Escalante 0-0: Fly out, F5 (Line Drive, 5S)
Bottom of the 4th over - 0 run(s), 1 hit(s), 0 error(s), 0 left on base; Belvedere Park 2 - Long Island 0
TOP OF THE 5TH
Belvedere Park Rawhides batting - Pitching for Long Island Seawolves : RHP Christian Irgoyen
Batting: RHB Marshall Lamar 0-0: Foul Ball, location: 2F
0-1: Foul Ball, location: 2F
0-2: Ball
1-2: Ground out 6-3 (Groundball, 56)
Batting: RHB Emmanuele Lucchetti 0-0: Ball
1-0: Ball
2-0: Foul Ball, location: 2F
2-1: SINGLE (Flyball, 89S)
Batting: RHB Anastasio Hernández 0-0: Grounds out, U3 (Groundball, 3L)
Batting: RHB José Pérez 0-0: Ball
1-0: Called Strike
1-1: Foul Ball, location: 2F
1-2: Foul Ball, location: 2F
1-2: Ball
2-2: Ground out 3-1 (Groundball, 34)
Top of the 5th over - 0 run(s), 1 hit(s), 0 error(s), 1 left on base; Belvedere Park 2 - Long Island 0
BOTTOM OF THE 5TH
Long Island Seawolves batting - Pitching for Belvedere Park Rawhides : LHP António Bruno
Batting: RHB Sheldon Deshotels 0-0: Fly out, F9 (Flyball, 9S)
Batting: RHB Felipe Guzmán 0-0: Swinging Strike
0-1: Foul Ball, location: 2F
0-2: Ball
1-2: Strikes out swinging
Batting: RHB Andrés Aguilar 0-0: Ball
1-0: Fly out, F8 (Flyball, 8RS)
Bottom of the 5th over - 0 run(s), 0 hit(s), 0 error(s), 0 left on base; Belvedere Park 2 - Long Island 0
TOP OF THE 6TH
Belvedere Park Rawhides batting - Pitching for Long Island Seawolves : RHP Christian Irgoyen
Batting: SHB Eduardo Pampin 0-0: Called Strike
0-1: Foul Ball, location: 2F
0-2: Foul Ball, location: 2F
0-2: Strikes out swinging
Batting: LHB Dan O'Day 0-0: Ground out U3 (Groundball, 3)
Batting: RHB Jaime Cruz 0-0: Fly out, F2 (Popup, 34S)
Top of the 6th over - 0 run(s), 0 hit(s), 0 error(s), 0 left on base; Belvedere Park 2 - Long Island 0
BOTTOM OF THE 6TH
Long Island Seawolves batting - Pitching for Belvedere Park Rawhides : LHP António Bruno
Batting: RHB José Orihvela 0-0: Foul Ball, location: 2F
0-1: Ball
1-1: Swinging Strike
1-2: Fly out, F8 (Flyball, 89M)
Batting: RHB Abad Lugo 0-0: Ball
1-0: Ball
2-0: Called Strike
2-1: Ball
3-1: Fly out, F9 (Flyball, 9)
Batting: LHB Pedro Colón 0-0: Ball
1-0: Foul Ball, location: 2F
1-1: Fly out, F9 (Line Drive, 89M)
Bottom of the 6th over - 0 run(s), 0 hit(s), 0 error(s), 0 left on base; Belvedere Park 2 - Long Island 0
TOP OF THE 7TH
Belvedere Park Rawhides batting - Pitching for Long Island Seawolves : RHP Christian Irgoyen
Batting: RHB Charles Rowell 0-0: SINGLE (Groundball, 6MS) (infield hit)
Batting: RHB Kevin Johnson 0-0: Called Strike
0-1: Ball
1-1: Ball
2-1: Bunt missed!
2-2: Foul Ball, location: 2F
2-2: Ball
3-2: Base on Balls
Charles Rowell to second
Pitching: RHP Ching-hsia Hsing
Pinch Hitting: LHB Jim Unknown 0-0: Ball
1-0: Sac Bunt - play at first, batter OUT! 1-4
Charles Rowell to third
Kevin Johnson to second
Batting: RHB Emmanuele Lucchetti 0-0: Ball
1-0: Ball
2-0: Foul Ball, location: 2F
2-1: Foul Ball, location: 2F
2-2: Foul Ball, location: 2F
2-2: Ball
3-2: Ground out 6-3 (Groundball, 6)
Batting: RHB Anastasio Hernández 0-0: Ball
1-0: Ball
2-0: Called Strike
2-1: Ball
3-1: Base on Balls
Batting: RHB José Pérez 0-0: Ball
1-0: Called Strike
1-1: Ball
2-1: Ball
3-1: SINGLE (Groundball, 6MD)
Charles Rowell scores
Kevin Johnson to third
Anastasio Hernández to second
Runner from 3rd tries for Home, SAFE, no throw
Batting: SHB Eduardo Pampin 0-0: Called Strike
0-1: Ball
1-1: Foul Ball, location: 2F
1-2: Strikes out swinging
Top of the 7th over - 2 run(s), 2 hit(s), 0 error(s), 2 left on base; Belvedere Park 4 - Long Island 0
BOTTOM OF THE 7TH
Long Island Seawolves batting - Pitching for Belvedere Park Rawhides : LHP António Bruno
Now in LF: Jim Unknown
Batting: RHB Max Berman 0-0: Called Strike
0-1: Ball
1-1: Ball
2-1: Swinging Strike
2-2: SINGLE (Groundball, 56D)
Batting: LHB Govaart Pleijt 0-0: Ball
1-0: Foul Ball, location: 2F
1-1: Grounds into double play, 3-6-3 (Groundball, 3)
Batting: RHB Alfredo Escalante 0-0: DOUBLE (Line Drive, 7LM)
Batting: RHB Sheldon Deshotels 0-0: Foul Ball, location: 2F
0-1: Called Strike
0-2: Ball
1-2: Ball
2-2: Foul Ball, location: 2F
2-2: Ball
3-2: SINGLE (Groundball, 15S) (infield hit)
Alfredo Escalante to third
Batting: RHB Felipe Guzmán 0-0: Called Strike
0-1: SINGLE (Groundball, 6D)
Alfredo Escalante scores
Sheldon Deshotels to second
Batting: RHB Andrés Aguilar 0-0: Ball
1-0: Reached on error, E4 (Groundball, 4)
Sheldon Deshotels to third
Felipe Guzmán to second
Batting: RHB José Orihvela 0-0: Foul Ball, location: 2F
0-1: Ball
1-1: Ball
2-1: Swinging Strike
2-2: Foul Ball, location: 2F
2-2: Fielders Choice at 2nd, 5-4 (Groundball, 5)
Bottom of the 7th over - 1 run(s), 4 hit(s), 1 error(s), 2 left on base; Belvedere Park 4 - Long Island 1
TOP OF THE 8TH
Belvedere Park Rawhides batting - Pitching for Long Island Seawolves : RHP Ching-hsia Hsing
Batting: LHB Dan O'Day 0-0: Fly out, F7 (Flyball, 7S)
Batting: RHB Jaime Cruz 0-0: Ball
1-0: Fly out, F4 (Line Drive, 4)
Batting: RHB Charles Rowell 0-0: Ball
1-0: Fly out, F6 (Popup, 4MS)
Top of the 8th over - 0 run(s), 0 hit(s), 0 error(s), 0 left on base; Belvedere Park 4 - Long Island 1
BOTTOM OF THE 8TH
Long Island Seawolves batting - Pitching for Belvedere Park Rawhides : LHP António Bruno
Batting: RHB Abad Lugo 0-0: Ball
1-0: Fly out, F9 (Flyball, 9LS)
Pitching: LHP Arnold Berry
Batting: LHB Pedro Colón 0-0: Foul Ball, location: 2F
0-1: Ball
1-1: Ball
2-1: Ball
3-1: Base on Balls
Pitching: RHP Aaron Chapman
Batting: RHB Max Berman 0-0: Called Strike
0-1: Ball
1-1: Fly out, F7 (Flyball, 7)
Pitching: LHP Nick Mason
Batting: LHB Govaart Pleijt 0-0: Called Strike
0-1: Swinging Strike
0-2: Strikes out looking
Bottom of the 8th over - 0 run(s), 0 hit(s), 0 error(s), 1 left on base; Belvedere Park 4 - Long Island 1
TOP OF THE 9TH
Belvedere Park Rawhides batting - Pitching for Long Island Seawolves : RHP Ching-hsia Hsing
Batting: RHB Kevin Johnson 0-0: Called Strike
0-1: Ball
1-1: Swinging Strike
1-2: Ground out 1-3 (Groundball, 15S)
Batting: LHB Jim Unknown 0-0: Called Strike
0-1: Ball
1-1: SOLO HOME RUN (Flyball, 9D), Distance : 360 ft
Batting: RHB Emmanuele Lucchetti 0-0: Ball
1-0: Called Strike
1-1: Ball
2-1: Foul Ball, location: 2F
2-2: Foul Ball, location: 2F
2-2: Strikes out looking
Batting: RHB Anastasio Hernández 0-0: Foul Ball, location: 2F
0-1: Ball
1-1: Ground out 4-3 (Groundball, 4)
Top of the 9th over - 1 run(s), 1 hit(s), 0 error(s), 0 left on base; Belvedere Park 5 - Long Island 1
BOTTOM OF THE 9TH
Long Island Seawolves batting - Pitching for Belvedere Park Rawhides : LHP Nick Mason
Batting: RHB Alfredo Escalante 0-0: Ground out 5-3 (Groundball, 56)
Batting: RHB Sheldon Deshotels 0-0: Called Strike
0-1: Ball
1-1: Called Strike
1-2: Foul Ball, location: 2F
1-2: Ball
2-2: SINGLE (Groundball, 56D)
Batting: RHB Felipe Guzmán 0-0: Ball
1-0: Called Strike
1-1: Ball
2-1: Ball
3-1: Called Strike
3-2: Strikes out swinging
Sheldon Deshotels steals 2nd base
Batter strikes out.
Batting: RHB Andrés Aguilar 0-0: Ball
1-0: Ball
2-0: Foul Ball, location: 2F
2-1: Ball
3-1: Base on Balls
Pitching: RHP Arturio Sandolva
Batting: RHB José Orihvela 0-0: Fly out, F7 (Flyball, 7)
Bottom of the 9th over - 0 run(s), 1 hit(s), 0 error(s), 2 left on base; Belvedere Park 5 - Long Island 1
Saturday, May 26th, 2018 - OOTP Baseball 17.12 Build 75